 Dungeon Crawl Stone Soup version 0.22.0-2-ge58baed0e8 (webtiles) character file.

123 electrickoto the Charmwright (level 5, -2/43 HPs)
             Began as a Gnoll Skald on Aug 13, 2018.
             Slain by an ogre
             ... wielding a +0 giant spiked club
              (23 damage)
             ... on level 4 of the Dungeon.
             The game lasted 00:04:38 (2494 turns).

electrickoto the Charmwright (Gnoll Skald)          Turns: 2494, Time: 00:04:38

Health: -2/43      AC:  5    Str: 19    XL:     5   Next: 7%
Magic:  2/12       EV: 13    Int: 15    God:
Gold:   173        SH:  0    Dex: 15    Spells: 3/14 levels left

rFire    . . .     SeeInvis .   a - +0 falchion
rCold    . . .     Gourm    .   (no shield)
rNeg     . . .     Faith    .   l - +0 ring mail
rPois    .         Spirit   .   (no helmet)
rElec    .         Reflect  .   (no cloak)
rCorr    .         Harm     .   (no gloves)
MR       .....                  (no boots)
Stlth    +.........             (no amulet)
HPRegen  1.14/turn              (no ring)
MPRegen  0.13/turn              (no ring)

@: mighty, flying, very slightly contaminated, regenerating (expiring)
A: distributed training, fangs 1, strong nose
a: no special abilities


You were on level 4 of the Dungeon.
You were hungry.

You visited 1 branch of the dungeon, and saw 4 of its levels.

You collected 173 gold pieces.

Inventory:

Hand Weapons
 a - a +0 falchion (weapon)
Armour
 l - a +0 ring mail (worn)
Wands
 e - a wand of iceblast (2)
Scrolls
 m - 3 scrolls of remove curse
 o - 2 scrolls of enchant weapon
 p - a scroll of teleportation {unknown}
 q - a scroll of immolation {unknown}
Potions
 c - a potion of cancellation
 h - a potion of agility
 i - a potion of berserk rage {unknown}
 j - a potion of magic
 k - a potion of flight
Comestibles
 b - 3 chunks of flesh
 d - 3 rations


   Skills:
 + Level 4.7 Fighting
 + Level 1.3 Short Blades
 + Level 4.7 Long Blades
 + Level 1.3 Axes
 + Level 1.3 Maces & Flails
 + Level 1.3 Polearms
 + Level 1.3 Staves
 + Level 1.3 Slings
 + Level 1.3 Bows
 + Level 1.3 Crossbows
 + Level 1.3 Throwing
 + Level 2.8 Armour
 + Level 4.7 Dodging
 + Level 1.3 Stealth
 + Level 1.3 Shields
 + Level 1.3 Unarmed Combat
 + Level 5.1 Spellcasting
 + Level 1.0 Conjurations
 + Level 1.0 Hexes
 + Level 5.5 Charms
 + Level 1.0 Summonings
 + Level 1.0 Necromancy
 + Level 1.0 Translocations
 + Level 1.0 Transmutations
 + Level 1.0 Fire Magic
 + Level 1.0 Ice Magic
 + Level 1.0 Air Magic
 + Level 1.0 Earth Magic
 + Level 1.0 Poison Magic
 + Level 1.4 Invocations
 + Level 1.3 Evocations


You had 3 spell levels left.
You knew the following spells:

 Your Spells              Type           Power        Failure   Level  Hunger
a - Infusion              Chrm           ###.         2%          1    None
b - Shroud of Golubria    Chrm/Tloc      ##........   11%         2    ##.....
c - Regeneration          Chrm/Necr      ##........   21%         3    ###....
d - Song of Slaying       Chrm           ###.....     4%          2    ##.....
e - Spectral Weapon       Hex/Chrm       ##......     21%         3    ###....

Your spell library contained the following spells:

 Spells                   Type           Power        Failure   Level  Hunger


Dungeon Overview and Level Annotations

Branches:
Dungeon (4/15)
 Temple: D:4-7

Altars:
Elyvilon
Gozag
Hepliaklqana
Makhleb
Wu Jian
Xom


Innate Abilities, Weirdness & Mutations

Your experience applies equally to all skills.
You have very sharp teeth.
Your uncanny sense of smell can sniff out nearby items.


Message History

Press: ? - help, Dir - move target cursor
As you read the scroll of blinking, it crumbles to dust.
Casting: Regeneration (safe; 21% risk of failure)
Confirm with . or Enter, or press ? or * to list all spells.
You miscast Regeneration.
Your skin glows momentarily.
Unknown command.
As you read the scroll labeled YRCHUD RYNAL, it crumbles to dust.
You feel blessed for a moment.
It was a scroll of remove curse.
As you read the scroll labeled CITEIV KOAM, it crumbles to dust.
It is a scroll of amnesia.
Okay, then.
You see here a wand of iceblast (2).
e - a wand of iceblast (2)
Casting: Regeneration (safe; 21% risk of failure)
Confirm with . or Enter, or press ? or * to list all spells.
Your skin crawls.
Your skin is crawling a little less now.
The ogre hits you with a giant spiked club!!
Ouch! That really hurt!
You die...

#####..####..### ##.#
...##..........## #.##
#........#......### ##.#
##....#####.......#####..####
###..#
###........##......#### ##.##
#...................... #..#
#..#+#..................
##..# #.# ##.................
##...# #.. ∆
#.@............... #....###.#
##.O.............. ..##..##.#
∆#............##.. ####..#..+
#................ # ##...#
##............### #...#∆
#.###.......## ##..#∆ +.#
##......# #..#∆ #.# ##....##
#..## ##.# ##..##


You could see an ogre.

Vanquished Creatures
  A worker ant (D:4)
  4 adders
  An ooze (D:1)
  2 worms (D:2)
  A dart slug (D:1)
  A leopard gecko (D:3)
  A ball python (D:4)
  8 bats
  4 giant cockroaches
  3 goblins
  4 hobgoblins
  5 jackals (D:2)
  3 kobolds
  A quokka (D:2)
  3 frilled lizards
  6 rats
48 creatures vanquished.

Notes
Turn   | Place    | Note
-------+----------+-------------------------------------------
     0 | D:1      | electrickoto the Gnoll Skald began the quest for the Orb.
     0 | D:1      | Reached XP level 1. HP: 20/20 MP: 6/6
    83 | D:1      | Reached XP level 2. HP: 26/26 MP: 7/7
   140 | D:1      | Learned a level 2 spell: Shroud of Golubria
   732 | D:2      | Reached XP level 3. HP: 31/31 MP: 9/9
   756 | D:2      | Reached skill level 5 in Spellcasting
   769 | D:2      | Found a white marble altar of Elyvilon.
   799 | D:2      | Reached skill level 1 in Invocations
   807 | D:2      | Learned a level 3 spell: Regeneration
   810 | D:2      | Learned a level 2 spell: Song of Slaying
   814 | D:2      | Learned a level 3 spell: Spectral Weapon
   990 | D:2      | Found an ornate altar of the Wu Jian Council.
  1044 | D:2      | Found a burning altar of Makhleb.
  1146 | D:2      | Reached skill level 1 in Short Blades
  1146 | D:2      | Reached skill level 1 in Axes
  1146 | D:2      | Reached skill level 1 in Maces & Flails
  1146 | D:2      | Reached skill level 1 in Polearms
  1146 | D:2      | Reached skill level 1 in Staves
  1146 | D:2      | Reached skill level 1 in Slings
  1146 | D:2      | Reached skill level 1 in Bows
  1146 | D:2      | Reached skill level 1 in Crossbows
  1146 | D:2      | Reached skill level 1 in Throwing
  1146 | D:2      | Reached skill level 1 in Stealth
  1146 | D:2      | Reached skill level 1 in Shields
  1146 | D:2      | Reached skill level 1 in Unarmed Combat
  1146 | D:2      | Reached skill level 1 in Evocations
  1146 | D:2      | Reached XP level 4. HP: 38/38 MP: 11/11
  1260 | D:2      | Found a shimmering altar of Xom.
  1260 | D:2      | Found an opulent altar of Gozag.
  1878 | D:3      | Reached skill level 1 in Conjurations
  1878 | D:3      | Reached skill level 1 in Hexes
  1878 | D:3      | Reached skill level 1 in Summonings
  1878 | D:3      | Reached skill level 1 in Necromancy
  1878 | D:3      | Reached skill level 1 in Translocations
  1878 | D:3      | Reached skill level 1 in Transmutations
  1878 | D:3      | Reached skill level 1 in Fire Magic
  1878 | D:3      | Reached skill level 1 in Ice Magic
  1878 | D:3      | Reached skill level 1 in Air Magic
  1878 | D:3      | Reached skill level 1 in Earth Magic
  1878 | D:3      | Reached skill level 1 in Poison Magic
  2100 | D:3      | Found a hazy altar of Hepliaklqana.
  2421 | D:4      | Reached XP level 5. HP: 35/43 MP: 10/12
  2429 | D:4      | Noticed an ogre
  2494 | D:4      | Slain by an ogre

Skill      XL: |  1  2  3  4 |
---------------+-------------+-----
Spellcasting   | 5 |  5.1
Invocations    | 1 |  1.4
Short Blades   | 1 |  1.3
Axes           | 1 |  1.3
Maces & Flails | 1 |  1.3
Polearms       | 1 |  1.3
Staves         | 1 |  1.3
Slings         | 1 |  1.3
Bows           | 1 |  1.3
Crossbows      | 1 |  1.3
Throwing       | 1 |  1.3
Stealth        | 1 |  1.3
Shields        | 1 |  1.3
Unarmed Combat | 1 |  1.3
Evocations     | 1 |  1.3
Conjurations   | 1 |  1.0
Hexes          | 1 |  1.0
Summonings     | 1 |  1.0
Necromancy     | 1 |  1.0
Translocations | 1 |  1.0
Transmutations | 1 |  1.0
Fire Magic     | 1 |  1.0
Ice Magic      | 1 |  1.0
Air Magic      | 1 |  1.0
Earth Magic    | 1 |  1.0
Poison Magic   | 1 |  1.0
Fighting       | |  4.7
Long Blades    | |  4.7
Armour         | |  2.8
Dodging        | |  4.7
Charms         | |  5.5

Action                   |  1- 3 |  4- 6 || total
-------------------------+-------+-------++-------
Melee: Falchion          |    87 |    68 ||   155
       Bite              |     5 |     7 ||    12
 Cast: Shroud of Golubri |     2 |     1 ||     3
       Infusion          |     1 |       ||     1
       Regeneration      |       |     3 ||     3
  Use: Scroll            |     2 |     6 ||     8
       Potion            |       |     4 ||     4
 Stab: Sleeping          |     2 |     1 ||     3
  Eat: Chunk             |     1 |     4 ||     5
Armor: Leather armour    |     7 |       ||     7
       Ring mail         |    26 |    14 ||    40
Dodge: Dodged            |    73 |    55 ||   128
       Rpst.: Falchion   |    20 |    21 ||    41
